 Dungeon Crawl Stone Soup version 0.26-a0-606-g3c8f2f65f7 (webtiles) character file.

Game seed: 534534257124732620

1026 ANON1729 the Changer (level 8, -3/48 HPs)
             Began as a Kobold Transmuter on Sept 2, 2020.
             Was a Follower of Cheibriados.
             Slain by a sky beast (6 damage)
             ... on level 5 of the Dungeon.
             The game lasted 00:13:23 (6832 turns).

ANON1729 the Changer (Kobold Transmuter)            Turns: 6832, Time: 00:13:24

Health: -3/48      AC:  6    Str: 10    XL:     8   Next: 47%
Magic:  23/23      EV: 32    Int: 20    God:    Cheibriados [*.....]
Gold:   308        SH:  0    Dex: 18    Spells: 5/15 levels left

rFire    + + .     SeeInvis .     - Unarmed
rCold    . . .     Faith    .   (shield restricted)
rNeg     . . .     Spirit   .   c - +2 robe {rF+}
rPois    .         Reflect  .   e - +0 helmet
rElec    .         Harm     .   k - scarf {shadows}
rCorr    .                      (no gloves)
MR       .....                  d - +0 pair of boots
Stlth    ++++......             q - amulet of the acrobat
HPRegen  0.16/turn              h - ring of protection from fire
MPRegen  0.18/turn              r - ring of magical power

@: acrobat, very slow
A: small, nightstalker 3
a: Bend Time, Renounce Religion


You were on level 5 of the Dungeon.
You worshipped Cheibriados.
Cheibriados was aware of your devotion.
You visited 1 branch of the dungeon, and saw 5 of its levels.

You collected 308 gold pieces.

Inventory:

Hand Weapons
 l - a +2 dagger of draining (quivered)
 t - the +7 quarterstaff "Hydrabane" {freeze, rPois Dex+4}
   (You found it on level 4 of the Dungeon)

   It has been specially enchanted to freeze those struck by it, causing extra
   injury to most foes and up to half again as much damage against particularly
   susceptible opponents.
   It can also slow down cold-blooded creatures.
   It affects your dexterity (+4).
   It protects you from poison.
Armour
 c - a +2 robe of fire resistance (worn)
 d - a +0 pair of boots (worn)
 e - a +0 helmet (worn)
 k - a scarf of shadows (worn)
 v - a +0 buckler
Jewellery
 h - a ring of protection from fire (left hand)
 q - an amulet of the acrobat (around neck)
 r - a ring of magical power (right hand)
Wands
 i - a wand of paralysis (6)
 o - a wand of iceblast (7)
 w - a wand of flame (12)
Scrolls
 b - 2 scrolls of noise
 f - 3 scrolls of identify
 g - a scroll of amnesia
 m - 6 scrolls of remove curse
 s - a scroll of enchant armour
Potions
 a - a potion of invisibility {unknown}
 j - a potion of haste
 n - a potion of degeneration {unknown}
 p - a potion of berserk rage {unknown}
 u - a potion of flight {unknown}


   Skills:
 + Level 3.7 Fighting
 + Level 4.5 Dodging
 + Level 4.4 Stealth
 + Level 4.4 Unarmed Combat
 + Level 4.0 Spellcasting
 * Level 5.2 Transmutations
 + Level 0.4 Ice Magic
 + Level 2.0 Poison Magic


You had 5 spell levels left.
You knew the following spells:

 Your Spells              Type           Power        Failure   Level
a - Beastly Appendage     Tmut           ##....       1%          1
b - Wereblood             Tmut           ##......     2%          2
c - Spider Form           Tmut/Pois      #.........   9%          3
d - Ice Form              Ice/Tmut       #.......     36%         4

Your spell library contained the following spells:

 Spells                   Type           Power        Failure   Level
 Blade Hands              Tmut           ##........   38%         5


Dungeon Overview and Level Annotations

Branches:
Dungeon (5/15)
 Temple: D:4-7

Altars:
Cheibriados
Dithmenos
Nemelex Xobeh
Okawaru
Sif Muna
Trog

Annotations:
D:3 exclusion: door


Innate Abilities, Weirdness & Mutations

You are small and have problems with some larger weapons.
You are completely attuned to the shadows.


Message History

Reactivating autopickup.
The sky beast hits you but does no damage.
Found a helmet.
The sky beast flickers out of sight!
Deactivating autopickup; reactivate with Ctrl-A.
There is an open door here.
Something misses you.
Something is blocking the doorway!
Something hits you.
* * * LOW HITPOINT WARNING * * *
Something shocks you.
* * * LOW HITPOINT WARNING * * *
A sky beast appears from thin air!
Reactivating autopickup.
The sky beast completely misses you.
An adder skeleton comes into view.
The adder skeleton moves out of view.
The sky beast hits you.
* * * LOW HITPOINT WARNING * * *
The sky beast shocks you.
You die...

#[#..# #.##.# ###.##.##.#
.....##..#.#
.....'.....####
.....###....... ...[.#
#....# #######Y..#
#..@...# ######## #.##...#
#.#.≈....#
##.##...#..#.#.#<...#
#.....>.#....#{######
#..#†#..#....Y.#
#########.#..#.##.###
#............#.......
#.#..........####.########
#.#.#####.................


You could see a sky beast.

Vanquished Creatures
  Sigmund (D:2)
  A sky beast (D:4)
  3 ogres (D:4)
  A howler monkey (D:5)
  A hound (D:4)
  3 orc wizards (D:3)
  A centaur skeleton (D:4)
  A bullfrog skeleton (D:5)
  Terence (D:2)
  A worker ant (D:4)
  A hound skeleton (D:4)
  8 gnolls
  5 adders
  A river rat (D:4)
  A shadow imp (D:5)
  2 white imps (D:5)
  An ooze (D:2)
  5 worms
  2 dart slugs
  3 leopard geckos
  7 orcs
  3 bats
  4 giant cockroaches
  5 goblins
  10 hobgoblins
  9 jackals
  5 kobolds
  5 frilled lizards
  A leopard gecko skeleton (D:4)
  11 rats
103 creatures vanquished.

Vanquished Creatures (others)
  A kobold (D:3)
1 creature vanquished.

Grand Total: 104 creatures vanquished

Notes
Turn   | Place    | Note
-------+----------+-------------------------------------------
     0 | D:1      | ANON1729 the Kobold Transmuter began the quest for the Orb.
     0 | D:1      | Reached XP level 1. HP: 12/12 MP: 3/3
   252 | D:1      | Reached XP level 2. HP: 10/16 MP: 3/5
   829 | D:2      | Reached XP level 3. HP: 13/20 MP: 6/6
  1289 | D:2      | Reached skill level 1 in Stealth
  1356 | D:2      | HP: 1/21 [worm (10)]
  1694 | D:2      | Noticed Sigmund
  1714 | D:2      | Killed Sigmund
  1714 | D:2      | Reached skill level 3 in Transmutations
  1714 | D:2      | Reached XP level 4. HP: 21/27 MP: 6/8
  1714 | D:2      | Reached XP level 5. HP: 24/31 MP: 6/9
  1714 | D:2      | Reached XP level 6. HP: 28/36 MP: 6/10
  1982 | D:2      | Found a faded altar of an unknown god.
  2001 | D:2      | Found an iron altar of Okawaru.
  2214 | D:2      | Noticed Terence
  2536 | D:2      | Killed Terence
  2714 | D:2      | Found a sparkling altar of Nemelex Xobeh.
  2823 | D:2      | Found a snail-covered altar of Cheibriados.
  3634 | D:3      | Found a shimmering blue altar of Sif Muna.
  3758 | D:3      | Learned a level 2 spell: Wereblood
  3762 | D:3      | Learned a level 3 spell: Spider Form
  4691 | D:3      | Reached skill level 4 in Transmutations
  4720 | D:2      | Became a worshipper of Cheibriados the Contemplative
  4925 | D:3      | Reached XP level 7. HP: 40/40 MP: 10/12
  5247 | D:4      | Reached skill level 1 in Poison Magic
  5482 | D:4      | Reached XP level 8. HP: 35/46 MP: 13/13
  5518 | D:4      | Reached * piety under Cheibriados
  5786 | D:4      | Found a bloodstained altar of Trog.
  5934 | D:4      | Found a shadowy altar of Dithmenos.
  6110 | D:4      | Got a dazzling quarterstaff
  6111 | D:4      | Identified the +7 quarterstaff "Hydrabane" {freeze, rPois
                  | Dex+4} (You found it on level 4 of the Dungeon)
  6157 | D:5      | Entered Level 5 of the Dungeon
  6206 | D:4      | Reached skill level 5 in Transmutations
  6212 | D:4      | Learned a level 4 spell: Ice Form
  6832 | D:5      | Slain by a sky beast

Illustrated notes

Levels and vault maps discovered:
D:1:      sevenhm_arrival_forest_fort_large_4, layout_rooms,
          minmay_misc_feat_five, minmay_box_of_dots
D:2:      wad_crossroads, layout_rooms, nicolae_overflow_hidden_temple,
          okawaru_gym_becter, chequers_ecumenical_altar_simple,
          nemelex_altar_shiori, uniq_sigmund, uniq_terence
D:3:      layout_rooms, led_sif_book
D:4:      layout_loops_ring, lemuel_coloured_pillars_altar,
          portal_sewer_entry_e, trog_three_pillars_becter
D:5:      layout_basic, tso_metal_star

Skill      XL: |  1  2  3  4  5  6  7  8 |
---------------+-------------------------+-----
Stealth        | 2 3 4 |  4.4
Fighting       | 2 3 |  3.7
Dodging        | 3 4 |  4.5
Spellcasting   | 3 4 |  4.0
Transmutations | 3 4 5 |  5.2
Unarmed Combat | 4 |  4.4
Poison Magic   | 1 2 |  2.0
Ice Magic      | |  0.4

Action                   |  1- 3 |  4- 6 |  7- 9 || total
-------------------------+-------+-------+-------++-------
Melee: Unarmed           |   128 |   228 |   193 ||   549
       Kick              |    14 |    31 |     8 ||    53
       Headbutt          |    10 |    21 |     4 ||    35
       Punch             |       |     2 |     2 ||     4
 Cast: Beastly Appendage |     9 |    33 |     5 ||    47
       Spider Form       |       |     2 |    11 ||    13
  Use: Potion            |     2 |       |       ||     2
       Scroll            |       |       |     4 ||     4
 Stab: Sleeping          |     8 |     8 |    12 ||    28
       Distracted        |     1 |       |       ||     1
Armor: Robe              |    14 |    24 |    22 ||    60
       Skin              |       |       |     2 ||     2
Dodge: Dodged            |    71 |   146 |   187 ||   404

Table legend: (Time is in decaauts)
 A = Elapsed time spent in this place.
 B = Non-inter-level travel time spent in this place.
 C = Inter-level travel time spent in this place.
 D = Time resting spent in this place.
 E = Time spent auto-exploring this place.
 F = Levels seen in this place.
 G = Mean time per level.
                   A        B        C        D        E       F      G
               +--------+--------+--------+--------+--------+-----+--------+
         Total |   7332 |   6985 |    347 |   2438 |   3114 |   5 | 1466.4 |
       Dungeon |   7332 |   6985 |    347 |   2438 |   3114 |   5 | 1466.4 |
               +--------+--------+--------+--------+--------+-----+--------+

Top non-repeatable levels by time:
     D:2: 2794 daAuts
     D:4: 1491 daAuts
     D:3: 1140 daAuts
     D:1: 1080 daAuts
     D:5: 825 daAuts
